[Event "3rd Rio Open-Rapid 2024"]
[Site "Rio de Janeiro"]
[Date "2024.04.24"]
[Round "4.4"]
[White "Becker, Rogerio Sperb"]
[Black "Roland, Marcos Maldonado"]
[Result "1-0"]
[ECO "E09"]
[WhiteElo "2054"]
[BlackElo "2089"]
[Annotator "NA RC"]
[PlyCount "81"]
[EventDate "2024.04.12"]
[EventType "swiss"]
[EventCountry "BRA"]
[SourceTitle "playchess.com"]
[Source "ChessBase"]
[SourceQuality "1"]
[TimeControl "600+5"]

1. c4 e6 2. Nf3 d5 3. g3 Nf6 4. Bg2 Be7 5. O-O O-O 6. d4 c6 7. Qd3 Nbd7 8. Nc3 b6 9. e4 dxe4 10. Nxe4 Bb7 11. Bf4 Nxe4 12. Qxe4 Nf6 13. Qe2 c5 14. Rad1 Qc8 15. d5 Rd8 16. dxe6 Qxe6 17. Qxe6 fxe6 18. Ng5 Bxg2 19. Kxg2 Nh5 20. Nxe6 Nxf4+ 21. Nxf4 Bf6 22. b3 Kf7 23. Nd5 Bd4 24. f4 Rd7 25. Rfe1 g6 26. a4 h5 27. Kf3 Rb8 28. b4 Bg7 29. b5 Bd4 30. Re4 Rh8 31. Rde1 Bf6 32. Re6 Bd8 33. h3 Rh7 34. Rc6 Rh8 35. Ree6 Rg8 36. Red6 Rxd6 37. Rxd6 Ke8 38. Ke4 Rg7 39. Ke5 Bc7 40. Nxc7+ Rxc7 41. Rxg6 1-0

[Event "3rd Rio Open-Rapid 2024"]
[Site "Rio de Janeiro"]
[Date "2024.04.24"]
[Round "4.5"]
[White "Azevedo, Edmundo Roberto Ramo"]
[Black "Librelato, Kathie Goulart"]
[Result "0-1"]
[ECO "A48"]
[WhiteElo "1917"]
[BlackElo "2165"]
[Annotator "TA"]
[PlyCount "56"]
[EventDate "2024.04.12"]
[EventType "swiss"]
[EventCountry "BRA"]
[SourceTitle "playchess.com"]
[Source "ChessBase"]
[SourceQuality "1"]
[TimeControl "600+5"]

1. d4 Nf6 2. Nf3 g6 3. Bf4 Bg7 4. e3 O-O 5. Be2 d6 6. O-O Nh5 7. Bg5 h6 8. Bh4 g5 9. Nfd2 {[%emt 0:00:04] The position is equal.} gxh4 10. Bxh5 c5 11. c3 Nc6 12. Bg4 f5 13. Bf3 Kh8 14. dxc5 dxc5 15. Bxc6 bxc6 16. Nb3 c4 (16... Qb6 $142) 17. Nd4 (17. Qxd8 $11 Rxd8 18. Na5) 17... c5 18. Nf3 Rb8 (18... h3 $5 19. Nh4 Kh7 $19) 19. Nbd2 Qd3 (19... h3 20. Nxc4 hxg2 21. Re1 $15) 20. Nxh4 Kh7 {[%emt 0:00:01] Prevents Ng6.} 21. Ndf3 $2 {[%emt 0:00:35][%mdl 8192] [#] Now White is beyond hope.} (21. Rb1 $14 {stays ahead.}) 21... Rxb2 $19 22. Qa4 Bf6 (22... Qxc3 23. Qxa7 Qf6 24. Qxc5 $11) 23. Qxa7 Qe4 ({Don't play} 23... Qxc3 24. Qxc5 Qd3 25. Ne5) 24. Qxc5 Bxh4 25. Nxh4 Qxh4 26. g3 $2 (26. Rab1 {was the only defense.} Rxb1 (26... Rxa2 27. Rb8 $11) 27. Rxb1) 26... Qe4 {[%emt 0:00:04] ( -> ...Bb7)} 27. f3 $2 {[%emt 0:00:24] [#]} (27. Qd4 $19) 27... Qc2 28. Qxe7+ Kg8 {[%emt 0:00:01] Weighted Error Value: White=0.75/Black=0.21 (precise) .  Loses game:     	White=1     	---        Mistake:       	White=3     	Black=1      Inaccurate:     	White=1     	Black=2      OK:         	White=7     	Black=7      Best:        	White=1     	Black=1} 0-1

[Event "3rd Rio Open-Rapid 2024"]
[Site "Rio de Janeiro"]
[Date "2024.04.24"]
[Round "5.1"]
[White "Ribeiro, Matheus Mendes Domin"]
[Black "Fier, Alexandr"]
[Result "0-1"]
[ECO "A30"]
[WhiteElo "2228"]
[BlackElo "2566"]
[Annotator "TA"]
[PlyCount "32"]
[EventDate "2024.04.12"]
[EventType "swiss"]
[EventCountry "BRA"]
[SourceTitle "playchess.com"]
[Source "ChessBase"]
[SourceQuality "1"]
[TimeControl "600+5"]

1. c4 b6 2. Nc3 Bb7 3. Nf3 e6 4. g3 c5 5. Bg2 Nf6 6. O-O a6 7. d4 cxd4 8. Qxd4 d6 9. b3 Nbd7 10. Bb2 Be7 11. Rfd1 O-O 12. Rac1 Qc7 13. Ng5 Bxg2 14. Kxg2 Qb7+ 15. f3 Rfd8 16. Nge4 Ne8 {[%emt 0:00:02][%mdl 32768] A rather calm draw.   Weighted Error Value: White=0.17 (very precise) /Black=0.03 (flawless) .  OK:         	White=1     	Black=3      Best:        	---       	Black=1     . Loss on time!?} 0-1

[Event "3rd Rio Open-Rapid 2024"]
[Site "Rio de Janeiro"]
[Date "2024.04.24"]
[Round "5.2"]
[White "Lage, Pedro Ferreira"]
[Black "Becker, Rogerio Sperb"]
[Result "1-0"]
[ECO "B38"]
[WhiteElo "2061"]
[BlackElo "2054"]
[Annotator "TA"]
[PlyCount "107"]
[EventDate "2024.04.12"]
[EventType "swiss"]
[EventCountry "BRA"]
[SourceTitle "playchess.com"]
[Source "ChessBase"]
[SourceQuality "1"]
[TimeControl "600+5"]

1. c4 Nf6 2. Nc3 c5 3. Nf3 Nc6 4. d4 cxd4 5. Nxd4 g6 6. e4 d6 7. Be2 Bg7 8. Be3 O-O 9. O-O Bd7 10. Qd2 Ng4 11. Bxg4 Bxg4 12. Nd5 Bd7 13. Rfe1 {[%emt 0:00:08] White is much more active. White is slightly better.} Ne5 14. Rac1 e6 15. Nb4 f5 (15... Ng4 $11) 16. exf5 $14 gxf5 17. Nd3 Ng4 (17... Nxd3 $1 $11 18. Qxd3 e5) 18. Bg5 $16 Qb6 {[%emt 0:00:12] [#]} (18... Bf6 $16 {was called for.} 19. Nf3 (19. Nxe6 Bxe6 20. Bxf6 Qxf6 $19) (19. Bxf6 Qxf6 20. Nf3 Bc6 $14) 19... e5) 19. Nxe6 $18 Bxe6 20. Rxe6 Rae8 $2 (20... Qd4 21. Be7 Ne5 22. Bxf8 (22. Rxd6 Nxc4 23. Rxd4 Nxd2 $18) 22... Qxd3 23. Qxd3 (23. Rxd6 Qxd2 24. Rxd2 Rxf8 $16) 23... Nxd3) 21. c5 Qb5 22. Rxe8 Rxe8 23. cxd6 Qd5 24. Nb4 (24. Bf4 $18 Nf6 25. Rc5 Qxa2 26. Qd1 (26. Rxf5 $2 {perishes.} Qb1+ 27. Qc1 Qxd3 $19)) 24... Qe5 {[%emt 0:00:34] Loses the game.} (24... Qxd2 $16 25. Bxd2 Rd8) 25. Qd5+ Qxd5 (25... Re6 $142 26. Bf4 (26. Qxb7 $2 {gets mated.} Qxh2+ 27. Kf1 Qh1#) 26... Qxd5 27. Nxd5 Nf6 28. Ne7+ Kf7 29. Nxf5 Bf8 30. Rc7+ Kg6) 26. Nxd5 Ne5 27. f4 Nd7 28. Rc7 Bd4+ 29. Kf1 Nc5 30. Rxc5 Bxc5 {[%emt 0:00:02][%mdl 4096] Endgame. KRB-KBN} 31. d7 ({Less strong is} 31. Nf6+ Kf7 $18) 31... Kf7 32. dxe8=Q+ Kxe8 33. Ke2 Kf7 34. Bh4 Ke6 35. Ne3 Bd6 36. Kf3 Bc5 37. Be1 Bd6 38. Bc3 Bc5 39. h3 h5 40. g4 fxg4+ 41. hxg4 hxg4+ 42. Nxg4 {[%emt 0:00:03] [#] Ke4 would kill now.} Kf5 43. Ne3+ Ke6 44. Ke4 {[%emt 0:00:02] White mates.} a6 45. f5+ Kf7 46. Ng4 Bd6 47. Kd5 Bf4 48. Be5 Bg5 49. Kd6 Bd8 50. Nh6+ Ke8 51. Ke6 Bg5 52. Nf7 Be3 53. Nd6+ Kf8 54. Nxb7 {[%emt 0:02:56] Weighted Error Value: White=0.54/Black=0.90.  Loses game:     	---       	Black=1      Mistake:       	White=1     	Black=5      Inaccurate:     	White=3     	---        OK:         	White=5     	Black=3      Best:        	White=2     	Black=1} 1-0

[Event "3rd Rio Open-Rapid 2024"]
[Site "Rio de Janeiro"]
[Date "2024.04.24"]
[Round "5.4"]
[White "Reichert, Thiago Da Cruz"]
[Black "Urquiza, Marcello de Albuquer"]
[Result "0-1"]
[ECO "D12"]
[WhiteElo "1972"]
[BlackElo "2005"]
[Annotator "TA"]
[PlyCount "54"]
[EventDate "2024.04.12"]
[EventType "swiss"]
[EventCountry "BRA"]
[SourceTitle "playchess.com"]
[Source "ChessBase"]
[SourceQuality "1"]
[TimeControl "600+5"]

1. d4 d5 2. c4 c6 3. e3 Bf5 4. Nc3 e6 5. Nf3 Nf6 6. Be2 h6 7. O-O Nbd7 8. b3 Bd6 9. Bb2 O-O 10. Rc1 Qe7 11. h3 {[%emt 0:00:05] The position is equal.} Rad8 12. Nd2 e5 13. cxd5 cxd5 (13... exd4 $11 {keeps the balance.} 14. exd4 cxd5 (14... Nxd5 15. Nxd5 cxd5 16. Re1 $15)) 14. Nb5 $16 e4 15. Nxd6 Qxd6 16. Re1 Rfe8 17. Nb1 Nf8 18. Ba3 Qd7 19. Qc2 Rc8 20. Qd2 Ng6 $1 21. Rxc8 Rxc8 22. Rc1 Nh4 {[%emt 0:00:58][%cal Of5h3] And now ...Bxh3! would win.} 23. Bf1 $2 {[%emt 0:01:29][%mdl 8192] [#] White does not recover from this.} (23. Rxc8+ $11 Qxc8 24. Qc1) 23... Bxh3 $1 $19 {[%emt 0:00:11][%mdl 512] Threatens to win with ...Qg4.} 24. Rxc8+ Qxc8 25. Qc3 $2 (25. Qe2 $19) 25... Qg4 26. Qc7 Nf3+ (26... Nxg2 27. Qg3 Ne1 28. Qxg4 Bxg4 29. Nc3 $19) 27. Kh1 {[%emt 0:00:06] [#]} Bxg2+ $1 {[%emt 0:00:00][%mdl 512] Weighted Error Value: White=0.62/Black=0.12 (very precise) .  Loses game:     	White=1     	---        Mistake:       	White=1     	Black=1      Inaccurate:     	White=3     	Black=1      OK:         	White=8     	Black=3      Best:        	White=1     	Black=1      Strong:       	---       	Black=1      Brilliant:      	---       	Black=1} 0-1

[Event "3rd Rio Open-Rapid 2024"]
[Site "Rio de Janeiro"]
[Date "2024.04.24"]
[Round "5.5"]
[White "De Siqueira, Luigy Lira"]
[Black "Lima, Juarez Antonio A de "]
[Result "1-0"]
[ECO "C01"]
[WhiteElo "2274"]
[BlackElo "1894"]
[Annotator "TA"]
[PlyCount "97"]
[EventDate "2024.04.12"]
[EventType "swiss"]
[EventCountry "BRA"]
[SourceTitle "playchess.com"]
[Source "ChessBase"]
[SourceQuality "1"]
[TimeControl "600+5"]

1. e4 e6 2. d4 d6 3. Nc3 Nc6 4. Nf3 Be7 5. d5 Ne5 6. Nxe5 dxe5 7. Bb5+ Bd7 (7... Kf8 $1 $14) 8. dxe6 $18 {[%emt 0:00:02] White is clearly better.} fxe6 9. Qh5+ g6 10. Qxe5 Nf6 11. Bh6 {[%emt 0:00:14] aiming for 0-0-0.} (11. Qxe6 c6 12. Bxc6 bxc6 $11) 11... Kf7 $2 (11... a6 {might work better.}) 12. O-O-O Bd6 13. Qd4 {[%emt 0:00:02] [#] Bxd7 is the strong threat.} Bxb5 14. Nxb5 Qe8 (14... Bf8 $142) 15. Nxd6+ cxd6 {[%emt 0:00:01] Black is weak on the dark squares} 16. Qxd6 Qe7 17. Qe5 Rad8 18. Bg5 (18. f3 Rhg8 19. Bg5 Kg7) 18... Kg7 19. Qf4 ({Don't play} 19. f3 Rhe8 20. a3 h6 $18) 19... e5 20. Bxf6+ Qxf6 21. Qxf6+ Kxf6 22. Rxd8 Rxd8 {[%emt 0:00:01][%mdl 4096] Endgame. KR-KR} 23. Rd1 Rb8 24. Rd7 h5 25. Kd2 Kg5 26. Ke3 a6 27. Rd6 Rc8 28. c3 h4 29. g3 h3 (29... Kh5 $142 30. Rd5 (30. gxh4 Re8 $18) 30... Kg4 31. f3+ (31. Rxe5 hxg3 32. f3+ Kh3 $18) 31... Kh3 32. Rxe5 Rc7) 30. f4+ exf4+ 31. gxf4+ Kh5 32. Kf3 Re8 33. Rd7 {[%emt 0:00:13][%cal Rd7h7] [#]} g5 34. Rd5 Kh4 35. Rxg5 Rd8 36. Rd5 Rh8 37. Rd7 b5 38. e5 a5 39. e6 Kh5 40. e7 {[%emt 0:00:15] White wants to mate with Rd8.} Re8 41. Ke4 {[%emt 0:00:07] Kf5 would kill now.} Kg4 42. f5 {[%emt 0:00:04][%cal Bf4f5,Bf5f6,Bf6f7][%mdl 32] White mates.} Kg5 43. Ke5 b4 44. f6 Kg6 45. Ke6 bxc3 46. f7 Rb8 47. e8=Q Rb6+ 48. Rd6 Rxd6+ 49. Kxd6 {[%emt 0:00:01] White took control after the opening.   Weighted Error Value: White=0.28 (precise) /Black=0.50.  Mistake:       	---       	Black=4      Inaccurate:     	White=2     	Black=1      OK:         	White=16    	Black=4      Best:        	White=1     	Black=1} 1-0

[Event "3rd Rio Open-Rapid 2024"]
[Site "Rio de Janeiro"]
[Date "2024.04.24"]
[Round "6.1"]
[White "Fier, Alexandr"]
[Black "Lage, Pedro Ferreira"]
[Result "1-0"]
[ECO "D00"]
[WhiteElo "2566"]
[BlackElo "2061"]
[Annotator "TA"]
[PlyCount "69"]
[EventDate "2024.04.12"]
[EventType "swiss"]
[EventCountry "BRA"]
[SourceTitle "playchess.com"]
[Source "ChessBase"]
[SourceQuality "1"]
[TimeControl "600+5"]

1. d4 d5 2. Bg5 Bf5 3. e3 c6 4. c4 Qb6 5. Qd2 e6 6. Nc3 (6. c5 $5 Qc7 $8 7. Bf4 $11) 6... Nd7 7. f3 Ngf6 8. g4 {[%emt 0:00:04] The position is equal.} Bg6 9. h4 h5 $1 10. Bxf6 $1 Nxf6 (10... gxf6 $15 11. cxd5 cxd5 (11... exd5 12. O-O-O $11)) 11. g5 $11 Nd7 12. Nge2 dxc4 13. Nf4 {[%emt 0:00:01][%cal Of4g6] Excellent horsemanship.} Bd6 (13... Bd3 $11 {keeps the balance.}) 14. Nxg6 $16 fxg6 15. Bxc4 O-O-O 16. O-O-O e5 17. Ne4 Bb4 18. Qc2 {[%emt 0:00:01] White is more active.} exd4 19. exd4 (19. Rxd4 Ne5 20. a3 Be7 $11 (20... Rxd4 $2 21. exd4 Qxd4 22. Be6+ Kb8 23. axb4 $18)) 19... Kb8 20. Rd3 (20. a3 $16 Bf8 21. Bf7) 20... Be7 21. Bf7 Rhf8 (21... Qa5 $11) 22. Bxg6 c5 23. Bxh5 cxd4 {[%emt 0:00:05] [#]} 24. Kb1 (24. Qh2+ $1 $16 Ka8 25. Kb1) 24... Ne5 $11 25. Rb3 d3 26. Qh2 Qd4 27. Rd1 Ka8 28. Nc3 {[%emt 0:00:00] [#]} (28. Qh3 $11 {remains equal.}) 28... a6 $1 $17 (28... Nxf3 $2 29. Bxf3 Rxf3 30. Nb5 $18) 29. f4 Qxf4 $2 (29... Rxf4 $19 {[%cal Og7g6] White must now prevent ...g6!} 30. Qg2 Rd7 (30... Rxh4 31. Qxb7#)) 30. Qg2 $36 {[%emt 0:00:00][%csl Gb3][%cal Rg2b7][%mdl 2048] White has good play.} Nc6 (30... Qxh4 31. Qxb7#) 31. Nd5 Qf2 (31... Qxh4 $11 32. Bf3 Na5 (32... Bxg5 $2 33. Nc7+ Ka7 34. Bxc6 $18) 33. Nxe7 Rxf3 34. Qxf3 Nxb3 35. axb3 Qxg5) 32. Qh1 {[%emt 0:00:00] Chess con chili.} ({Better is} 32. Qxf2 $16 Rxf2 33. Rbxd3 (33. Rdxd3 Rf1+ 34. Kc2 Bd6 $14)) 32... Qc2+ 33. Ka1 {[%emt 0:00:00][%cal Od5e7] Nxe7! is the strong threat.} Ka7 $2 (33... Rf2 $11 {and Black stays safe.} 34. Nxe7 (34. Rbxd3 $2 Qxb2#) 34... Na5) 34. Nxe7 $1 $18 ({Stronger than} 34. Rdxd3 Bc5 35. Rbc3 Qf2 $17) (34. Rbxd3 $2 {perishes.} Rf2 35. Rb3 Na5 $19 (35... Ba3 36. Rb1 $15)) 34... Rde8 (34... Na5 $142) 35. Bxe8 {[%emt 0:00:00] Weighted Error Value: White=0.31/Black=0.41.  Loses game:     	---       	Black=1      Missed win:     	---       	Black=1      Mistake:       	White=5     	Black=5      Inaccurate:     	White=6     	Black=2      OK:         	White=7     	Black=7      Best:        	White=4     	Black=3      Strong:       	White=2     	Black=2} 1-0

[Event "3rd Rio Open-Rapid 2024"]
[Site "Rio de Janeiro"]
[Date "2024.04.24"]
[Round "6.2"]
[White "De Souza, Felipe Guimaraes"]
[Black "Librelato, Kathie Goulart"]
[Result "1-0"]
[ECO "C26"]
[WhiteElo "2022"]
[BlackElo "2165"]
[Annotator "TA"]
[PlyCount "116"]
[EventDate "2024.04.12"]
[EventType "swiss"]
[EventCountry "BRA"]
[SourceTitle "playchess.com"]
[Source "ChessBase"]
[SourceQuality "1"]
[TimeControl "600+5"]

1. e4 e5 2. Nc3 Nc6 3. g3 Nf6 4. Bg2 Bc5 5. h3 d6 6. Nge2 a6 7. d3 O-O 8. O-O h6 9. Kh2 Nd4 10. Nxd4 Bxd4 {[%emt 0:00:05] The position is equal.} 11. f4 c6 12. fxe5 dxe5 13. Qf3 Nh7 14. Bd2 Be6 15. Ne2 Bxb2 16. Rab1 Ba3 17. Rxb7 Rb8 18. Rfb1 Rxb7 19. Rxb7 Qa8 20. Rb1 Rb8 21. Qf1 Rb7 (21... Bxa2 $2 22. Ra1 Rb2 23. Qd1 $18) 22. Bc3 Bd6 (22... Bxa2 $2 {perishes.} 23. Ra1 $18) 23. Ra1 Qb8 24. a4 Nf6 25. Ng1 Nd7 26. Nf3 Nc5 ({Better is} 26... Bb4 $17 27. Qe1 c5) 27. Nh4 Bd7 28. Nf5 Bf8 29. Qc1 Ne6 30. Qe1 g6 (30... Bb4 $15) 31. Ne3 $11 Nd4 32. Bxd4 (32. h4 $11) 32... exd4 $17 33. Nc4 Rb4 ({Black should play} 33... Be6 $17 34. e5 Bxc4 35. dxc4 Re7 36. Bxc6 Rxe5) 34. e5 $11 Qc7 35. Nd2 (35. Qf2 $11) 35... Be6 $17 36. Nf3 Bd5 (36... c5 $17 37. h4 Rb2) 37. Nd2 (37. h4 $15) 37... Be6 38. Nf3 {[%emt 0:00:02] [#]} Bg7 $2 {[%emt 0:00:02][%mdl 8192] Black is on the road to losing.} 39. Qxb4 $18 Bxe5 40. Nxe5 Qxe5 41. Re1 Qg5 42. Qxd4 {[%emt 0:00:05][%cal Oe1b1] Rb1! is the strong threat.} Qd2 {[%emt 0:00:04] [#]} 43. Rxe6 fxe6 44. Qd8+ Kf7 45. Qd7+ Kf6 46. Qxc6 a5 47. Qf3+ Kg7 48. c4 {[%emt 0:00:02] White wants to mate with c5.} Qc2 49. Qb7+ Kf6 50. Qf3+ (50. Qb8 $142 g5 51. Qd8+ Ke5 52. Qxa5+ (52. d4+ Kf5 $18) 52... Kd4 53. Qb6+ Kxd3 54. a5 (54. Qxe6 Kd2 $18) 54... Qe2 55. a6) 50... Kg7 $1 51. c5 Qxc5 52. Qe4 Kf6 53. Qc4 Qa3 54. h4 Qb2 55. Qf4+ Kg7 56. Qc7+ Kf6 57. Qxa5 Qd4 {[%emt 0:00:01] Inhibits Qc5.} 58. Qb5 Kf7 {[%emt 0:01:25] Weighted Error Value: White=0.22 (precise) /Black=0.75.  Loses game:     	---       	Black=1      Mistake:       	White=3     	Black=4      Inaccurate:     	White=5     	Black=4      OK:         	White=8     	Black=10     Best:        	White=4     	Black=1} 1-0

[Event "3rd Rio Open-Rapid 2024"]
[Site "Rio de Janeiro"]
[Date "2024.04.24"]
[Round "6.3"]
[White "De Siqueira, Luigy Lira"]
[Black "Mattos, Bernardo Cunha"]
[Result "1-0"]
[ECO "B40"]
[WhiteElo "2274"]
[BlackElo "1710"]
[Annotator "TA"]
[PlyCount "47"]
[EventDate "2024.04.12"]
[EventType "swiss"]
[EventCountry "BRA"]
[SourceTitle "playchess.com"]
[Source "ChessBase"]
[SourceQuality "1"]
[TimeControl "600+5"]

1. e4 c5 2. Nf3 e6 3. d4 cxd4 4. Nxd4 Nf6 5. Bd3 Nc6 6. Nxc6 bxc6 7. O-O d5 8. Qe2 dxe4 9. Bxe4 Nxe4 10. Qxe4 {[%emt 0:00:01][%cal Ob1c3] The position is equal.} Qd5 11. Qe2 Bd6 (11... Be7 {simplifies} 12. c4 Qa5 13. Bd2 Qc7) 12. Rd1 Qe5 13. Qxe5 Bxe5 14. Nd2 Ke7 15. Nc4 Bf6 (15... Bc7 $14) 16. Be3 $36 {[%emt 0:00:01][%mdl 2048] [#] And now Bc5+ would win. White is in control. White is more active.} Bd7 {[%emt 0:01:38] Black is weak on the dark squares} (16... Kf8 $16 {keeps fighting.} 17. Rd6 g5) 17. Bc5+ Kd8 18. Nd6 Kc7 19. Nxf7 Rhe8 20. c3 Be7 21. Be3 Rf8 22. Ne5 Bd6 $2 {[%emt 0:00:09] [#]} (22... Bc8 {is more resistant.} 23. Rd4 Rf5) 23. Nxd7 $18 Rfd8 24. Nc5 {[%emt 0:00:01] Weighted Error Value: White=0.16 (very precise) /Black=0.68.  Mistake:       	---       	Black=3      Inaccurate:     	White=2     	Black=1      OK:         	White=8     	Black=3      Best:        	White=1     	---} 1-0

[Event "3rd Rio Open-Rapid 2024"]
[Site "Rio de Janeiro"]
[Date "2024.04.24"]
[Round "6.4"]
[White "Becker, Rogerio Sperb"]
[Black "Ribeiro, Matheus Mendes Domin"]
[Result "0-1"]
[ECO "E01"]
[WhiteElo "2054"]
[BlackElo "2228"]
[Annotator "TA"]
[PlyCount "74"]
[EventDate "2024.04.12"]
[EventType "swiss"]
[EventCountry "BRA"]
[SourceTitle "playchess.com"]
[Source "ChessBase"]
[SourceQuality "1"]
[TimeControl "600+5"]

1. c4 e6 2. Nf3 d5 3. d4 Nf6 4. g3 dxc4 5. Qc2 Bd7 6. Qxc4 c5 7. dxc5 Qc7 8. Bg2 Bxc5 {[%emt 0:00:02] The position is equal.} 9. Be3 Qa5+ 10. Bd2 Qb6 {[%emt 0:00:02][%csl LRb2,LRf2][%cal Od7b5] aiming for ...Bb5!} 11. O-O Bb5 (11... Qxb2 $2 12. Qxc5 Qb6 (12... Qxa1 $2 13. Qa3 $18) 13. Qxb6 axb6 14. Rc1 $18) 12. Qb3 (12. Qc2 $14) 12... Bxe2 $17 13. Qxb6 axb6 14. Re1 Bxf3 15. Bxf3 Nc6 16. Nc3 Nd4 17. Bd1 ({Of course not} 17. Bxb7 Rb8 18. Bg2 Nc2 $17) 17... O-O 18. Be3 Rfd8 19. a3 Nf5 {[%emt 0:00:16] Excellent horsemanship.} 20. Bg5 h6 {[%emt 0:00:39] Black is more active.} 21. Bxf6 gxf6 22. Bf3 {[%emt 0:00:16] Black converts the advantage convincingly.} ({White should try} 22. Rc1 $15) 22... Rd2 23. Ne4 Rxb2 24. Nxf6+ {[%emt 0:00:41] White is weak on the dark squares} Kg7 25. Ne4 Nd4 (25... Bxa3 26. Red1 Rb4 27. Rd3 $15) 26. Bh5 f5 27. Nxc5 bxc5 28. a4 Rc8 29. Rec1 (29. Red1 {was called for.}) 29... c4 $19 30. Rc3 b5 31. axb5 Nxb5 32. Rcc1 c3 33. Bd1 c2 34. Be2 (34. Bxc2 $142 Rcxc2 35. Rxc2 Rxc2 36. Rd1) 34... Nd4 35. Bd3 Rc3 36. Ra7+ Kf6 37. Bxc2 Ne2+ {[%emt 0:00:20] Weighted Error Value: White=0.86/Black=0.03 (flawless) .  Mistake:       	White=4     	---        Inaccurate:     	White=1     	Black=1      OK:         	White=14    	Black=14     Best:        	White=1     	Black=3} 0-1

[Event "3rd Rio Open-Rapid 2024"]
[Site "Rio de Janeiro"]
[Date "2024.04.24"]
[Round "6.5"]
[White "Deus Filho, Joaquim de"]
[Black "Roland, Marcos Maldonado"]
[Result "1-0"]
[ECO "C22"]
[WhiteElo "1884"]
[BlackElo "2089"]
[Annotator "NA RC"]
[PlyCount "29"]
[EventDate "2024.04.12"]
[EventType "swiss"]
[EventCountry "BRA"]
[SourceTitle "playchess.com"]
[Source "ChessBase"]
[SourceQuality "1"]
[TimeControl "600+5"]

1. e4 e5 2. d4 exd4 3. Qxd4 Nc6 4. Qe3 Qf6 5. Nc3 Bb4 6. Bd2 Nge7 7. Nf3 O-O 8. O-O-O d6 9. Bc4 Be6 10. Nd5 Bxd2+ 11. Rxd2 Bxd5 12. exd5 Na5 13. Bd3 Nxd5 14. Qe4 Nc3 15. Qxh7# 1-0

[Event "3rd Rio Open-Rapid 2024"]
[Site "Rio de Janeiro"]
[Date "2024.04.24"]
[Round "7.1"]
[White "Fier, Alexandr"]
[Black "De Souza, Felipe Guimaraes"]
[Result "1/2-1/2"]
[ECO "C29"]
[WhiteElo "2566"]
[BlackElo "2022"]
[Annotator "TA"]
[PlyCount "61"]
[EventDate "2024.04.12"]
[EventType "swiss"]
[EventCountry "BRA"]
[SourceTitle "playchess.com"]
[Source "ChessBase"]
[SourceQuality "1"]
[TimeControl "600+5"]

1. e4 e5 2. Nc3 Nf6 3. f4 d5 4. fxe5 Nxe4 5. Nf3 Nxc3 6. dxc3 Bg4 7. Bf4 c6 ({Better is} 7... Be7 $11) 8. h3 $14 {[%emt 0:00:06] White is slightly better.} Bh5 9. Qe2 (9. Bd3 $14) 9... Be7 10. O-O-O Nd7 11. Qf2 Nf8 (11... Nc5 $11) 12. c4 Qa5 13. Kb1 $1 Ne6 14. Bd2 Qc5 15. Be3 Qa5 (15... d4 $1 $11 16. Rxd4 Nxd4) 16. cxd5 $16 cxd5 17. Bd3 Rd8 18. g4 (18. Bxa7 $2 Ra8 19. g4 Rxa7 $19 (19... Qxa7 $2 20. Bb5+ Kf8 21. Qxa7 $18)) 18... Bg6 19. Bf5 (19. Bxa7 $2 Ra8 20. Bxg6 hxg6 $19) 19... Nc5 (19... O-O $16) 20. Nd4 Ne4 21. Qg2 ({White should try} 21. Qh2 $18) 21... Qb4 (21... Qc7 $16) 22. Nb3 (22. Rd3 $18) 22... a5 23. Rd4 Qb5 24. a4 $36 {[%emt 0:00:01][%mdl 2048] White is on the roll.} Qc6 25. h4 {[%emt 0:00:27][%cal Bh3h4,Bh4h5][%mdl 32] [#] h5 would now be deadly.} f6 (25... b5 $16) 26. e6 $18 ({Resist} 26. Nxa5 Qc7 $16) 26... O-O 27. Rhd1 {[%emt 0:00:05] Hoping for h5.} b5 28. h5 ({Much less strong is} 28. Nxa5 $6 Qa8 $16) 28... Bxf5 29. gxf5 {[%emt 0:00:01][%cal Od4e4] [#] Black must now prevent Rxe4!} bxa4 $2 (29... Kh8) 30. Nd2 $2 (30. Rxe4 $18 {[%cal Oe3h6] Intending Bh6! and mate.} axb3 (30... dxe4 $2 {perishes.} 31. Rg1 $18) 31. cxb3 dxe4 32. Rg1) 30... Ng5 $16 {[%emt 0:00:13] Threatens to win with ...a3.} 31. c4 {[%emt 0:02:37] Weighted Error Value: White=0.39/Black=0.41.  Missed win:     	White=1     	---        Mistake:       	White=3     	Black=7      Inaccurate:     	White=3     	Black=3      OK:         	White=12    	Black=6      Best:        	---       	Black=1      Strong:       	White=1     	---} 1/2-1/2